 Dungeon Crawl Stone Soup version 0.26-a0-1205-g4083c211ab (webtiles) character file.

Game seed: 16996562181496259416

8 Azzok the Skirmisher (level 2, 20/24 HPs)
             Began as a Demonspawn Berserker on Dec 29, 2020.
             Was a Follower of Trog.
             Quit the game on level 1 of the Dungeon.
             The game lasted 00:00:19 (204 turns).

Azzok the Skirmisher (Demonspawn Berserker)          Turns: 204, Time: 00:00:19

Health: 20/24      AC:  2    Str: 17    XL:     2   Next: 0%
Magic:  2/2        EV: 12    Int:  8    God:    Trog [*.....]
Gold:   3          SH:  0    Dex: 12    Spells: 1/1 levels left

rFire    . . .     SeeInvis .   a - +0 hand axe
rCold    . . .     Faith    .   (no shield)
rNeg     . . .     Spirit   .   b - +0 animal skin
rPois    .         Reflect  .   (no helmet)
rElec    .         Harm     .   (no cloak)
rCorr    .         Rampage  .   (no gloves)
Will     .....                  (no boots)
Stlth    +.........             (no amulet)
HPRegen  0.08/turn              (no ring)
MPRegen  0.08/turn              (no ring)

@: no status effects
A: demonic guardian 1
a: Renounce Religion, Berserk


You were on level 1 of the Dungeon.
You worshipped Trog.
Trog was aware of your devotion.
You visited 1 branch of the dungeon, and saw 1 of its levels.

You collected 3 gold pieces.

Inventory:

Hand Weapons
 a - a +0 hand axe (weapon)
Armour
 b - a +0 animal skin (worn)
Jewellery
 e - a +6 ring of dexterity {unknown}
Scrolls
 d - a scroll of noise {unknown}
 f - a scroll of identify {unknown}
 g - a scroll of teleportation {unknown}
Potions
 c - 2 potions of heal wounds {unknown}
 h - a potion of flight {unknown}


   Skills:
 + Level 3.1 Fighting
 + Level 2.8 Axes
 + Level 2.0 Armour
 + Level 2.0 Dodging


You had one spell level left.
You didn't know any spells.
Your spell library was empty.

Dungeon Overview and Level Annotations

Branches:
Dungeon (1/15)

Altars:


Innate Abilities, Weirdness & Mutations

A weak demonic guardian rushes to your aid.


Message History

You slash the frilled lizard!
You kill the frilled lizard!
Trog accepts your kill.
Your Dodging skill increases to level 2!
You see here a frilled lizard corpse.
h - an emerald potion You now have 3 gold pieces.
c - 2 blue potions (gained 1)
A hobgoblin comes into view. It is wielding a +0 club.
A hobgoblin is nearby!
A hobgoblin is nearby!
You barely miss the hobgoblin.
The hobgoblin hits you with a +0 club. x2
You slash the hobgoblin!
You kill the hobgoblin!
Trog accepts your kill.
Your Armour skill increases to level 2!
You have reached level 2!
Your demonic ancestry asserts itself...
You feel the presence of a demonic guardian.
Are you sure you want to abandon this character and quit the game? (Confirm with "yes".)

·▒···········▒▒▒▒▒▒▒·▒▒···(······
▒···········▒▒ ▒·▒▒··········
····▒▒▒▒······▒ ▒·▒▒··········
▒▒▒·▒▒▒▒·▒▒▒▒▒▒▒ ▒·▒▒··········
▒············· ▒·▒▒▒▒▒▒▒▒·▒▒·
▒▒▒▒▒▒·▒▒▒▒▒▒▒ ▒·▒ ▒▒·▒▒·
▒·▒▒····▒ ▒·▒ ▒·····
▒▒·▒▒·▒▒·▒▒▒·▒·▒▒▒▒▒▒▒·▒·▒▒
╬·········@)············>·(
▒▒▒▒▒▒▒······▒···· ····▒··▒
▒▒▒▒▒▒▒▒ ▒ ····▒··▒ ▒··▒ ▒···
▒··· ▒▒·· ▒·· ▒▒·


There were no monsters in sight!

Vanquished Creatures
  A dart slug (D:1)
  A bat (D:1)
  A hobgoblin (D:1)
  2 frilled lizards (D:1)
  2 rats (D:1)
7 creatures vanquished.

Notes
Turn   | Place    | Note
-------+----------+-------------------------------------------
     0 | D:1      | Azzok the Demonspawn Berserker began the quest for the Orb.
     0 | D:1      | Reached XP level 1. HP: 18/18 MP: 1/1
   204 | D:1      | Gained mutation: A weak demonic guardian rushes to your
                  | aid. [demonic ancestry]
   204 | D:1      | Reached XP level 2. HP: 20/24 MP: 2/2
   204 | D:1      | Quit the game

Illustrated notes

Levels and vault maps discovered:
D:1:      saegor_arrival_simple_c, layout_basic, kennysheep_pointless_box

Skill      XL: |  1 |
---------------+----+-----
Dodging        | 2 |  2.0
Armour         | 2 |  2.0
Fighting       | |  3.1
Axes           | |  2.8

Action                   || total
-------------------------++-------
Melee: Hand axe          ||    15
Armor: Animal skin       ||     2
Dodge: Dodged            ||    12

Table legend: (Time is in decaauts)
 A = Elapsed time spent in this place.
 B = Non-inter-level travel time spent in this place.
 C = Inter-level travel time spent in this place.
 D = Time resting spent in this place.
 E = Time spent auto-exploring this place.
 F = Levels seen in this place.
 G = Mean time per level.
                   A        B        C        D        E       F      G
               +--------+--------+--------+--------+--------+-----+--------+
         Total |    206 |    206 |      0 |      0 |    143 |   1 |  206.0 |
       Dungeon |    206 |    206 |      0 |      0 |    143 |   1 |  206.0 |
               +--------+--------+--------+--------+--------+-----+--------+

Top non-repeatable levels by time:
     D:1: 206 daAuts
